 Dungeon Crawl Stone Soup version 0.28.0 (webtiles) character file.

Game seed: 13808384956183760132

74 AmazingTV the Sneak (level 4, 0/23 HPs)
             Began as a Spriggan Brigand on June 28, 2022.
             Succumbed to an adder's poison
             ... on level 3 of the Dungeon.
             The game lasted 00:04:53 (2133 turns).

AmazingTV the Sneak (Spriggan Brigand)              Turns: 2133, Time: 00:04:53

Health: 0/23       AC:  3    Str:  6 (7)  XL:     4   Next: 9%
Magic:  5/5        EV: 17    Int: 11 (12) God:
Gold:   71         SH:  0    Dex: 17 (18) Spells: 3/3 levels left

rFire   . . .      SeeInvis +   a - +2 dagger
rCold   . . .      Faith    .   (no shield)
rNeg    . . .      Spirit   .   b - +0 robe
rPois   .          Reflect  .   (helmet restricted)
rElec   .          Harm     .   c - +0 cloak
rCorr   .          Rampage  .   (gloves unavailable)
Will    .....                   (boots unavailable)
Stlth   +++.......              (no amulet)
HPRegen 0.07/turn               (no ring)
MPRegen 0.09/turn               (no ring)

@: lethally poisoned (0 -> -1), attractive, flying, hasted, very quick
A: very small, no large weapons, unfitting armour, see invisible, speed 3
a: no special abilities


You were on level 3 of the Dungeon.
You visited 1 branch of the dungeon, and saw 3 of its levels.

You collected 71 gold pieces.

Inventory:

Hand Weapons
 a - a +2 dagger (weapon)
Missiles
 d - 8 poisoned darts (quivered)
 e - 2 curare-tipped darts
Armour
 b - a +0 robe (worn)
 c - a +0 cloak (worn)
Jewellery
 f - a ring of positive energy
Scrolls
 i - a scroll of immolation {unknown}
 k - a scroll of identify {unknown}
 m - a scroll of holy word {unknown}
 n - a scroll of noise {unknown}
 o - a scroll of enchant weapon {unknown}
 p - a scroll of vulnerability {unknown}


   Skills:
 + Level 2.1 Fighting
 + Level 2.9 Short Blades
 + Level 1.7(2.3) Slings
 - Level 2.0(2.2) Throwing
 + Level 2.6 Dodging
 + Level 6.4 Stealth


You had 3 spell levels left.
You didn't know any spells.
Your spell library contained the following spells:

 Spells                   Type           Power      Damage    Failure   Level
 Foxfire                  Conj/Fire      0%         2x1d4     34%         1
 Conjure Flame            Conj/Fire      0%         6-21      71%         3
 Inner Flame              Hex/Fire       0%         N/A       71%         3
 Flame Wave               Conj/Fire      0%         2d4       98%         4


Dungeon Overview and Level Annotations

Branches:
Dungeon (3/15)

Altars:
Gozag

Shops:
D:1 [


Innate Abilities, Weirdness & Mutations

You are very small and have problems with some larger weapons.
You are too small for most types of armour.
You have supernaturally acute eyesight. (SInv)
You cover ground extremely quickly. (Speed+++)


Message History

The adder is heavily wounded.
You feel sick.
You hear an angry hiss.
The adder misses you. The adder completely misses you.
You hit the adder.
The adder is heavily wounded.
You feel sick. The adder bites you but does no damage.
You hit the adder.
The adder is almost dead.
You feel sick. The adder misses you.
You miss the adder.
The adder is almost dead.
* * * LOW HITPOINT WARNING * * *
You feel sick. The adder barely misses you.
You hit the adder.
You kill the adder!
* * * LOW HITPOINT WARNING * * *
You feel sick.
You have reached level 4!
It was a potion of degeneration.
There was something very wrong with that liquid.
You feel weakened.
You feel dopey.
You feel clumsy.
* * * LOW HITPOINT WARNING * * *
You feel sick. The goblin barely misses you.
An endoplasm comes into view.
A ball python comes into view.
It was a potion of attraction.
You feel attractive to monsters.
* * * LOW HITPOINT WARNING * * *
You feel sick. The goblin barely misses you.
The endoplasm is attracted toward you.
The ball python is attracted toward you.
It was a potion of flight.
You feel very buoyant.
You fly up into the air.
* * * LOW HITPOINT WARNING * * *
You feel sick. The goblin closely misses you.
The endoplasm is attracted toward you.
The ball python is attracted toward you.
It was a potion of haste.
You feel yourself speed up.
You die...

# ## .###.#.
...#§#.###
....§§...####..
#...SJ..$.....
##.#.#g##
#......@#
..#.#.#<##
#.......#
##.#.#.#..
#.......###
..#.# #.# ####
... ... #.#


You could see an endoplasm (wandering), a goblin and a ball python (wandering).

Vanquished Creatures
  3 adders
  2 dart slugs
  An endoplasm (D:1)
  3 giant cockroaches (D:1)
  6 goblins (D:1)
  6 hobgoblins
  2 jackals (D:1)
  3 quokkas
  6 ball pythons
  A bat (D:2)
  2 frilled lizards
  2 kobolds
  4 rats
41 creatures vanquished.

Notes
Turn   | Place    | Note
-------+----------+-------------------------------------------
     0 | D:1      | AmazingTV the Spriggan Brigand began the quest for the Orb.
     0 | D:1      | Reached XP level 1. HP: 10/10 MP: 2/2
   537 | D:1      | Reached skill level 6 in Stealth
   561 | D:1      | Reached XP level 2. HP: 12/15 MP: 3/3
   912 | D:1      | Reached skill level 1 in Slings
  1008 | D:1      | Found Pedithrun's Antique Armour Emporium.
  1287 | D:2      | Reached XP level 3. HP: 18/18 MP: 4/4
  2011 | D:2      | Found an opulent altar of Gozag.
  2130 | D:3      | Reached XP level 4. HP: 4/23 MP: 5/5
  2132 | D:3      | HP: 1/23 [poisoned by an adder]
  2133 | D:3      | Succumbed to an adder's poison

Illustrated notes

Levels and vault maps discovered:
D:1:      dpeg_arrival_three_same_balls, layout_loops_ring, serial_shops,
          nicolae_shop_window_shopping
D:2:      layout_rooms, basic_altar
D:3:      layout_loops_ring, mainiacjoe_overflow_tiny_flanked,
          old_standard_altar, ebering_ghost_disaster_area, serial_shops, shop,
          dreamdust_ecumenical_altar_hidden_monk_grotto, st_stairs_8,
          uniq_terence

Skill      XL: |  1  2  3 |
---------------+----------+-----
Stealth        | 6 |  6.4
Slings         | 1 |  1.7
Dodging        | 2 |  2.6
Fighting       | 2 |  2.1
Short Blades   | |  2.9
Throwing       | |  2.0

Action                   |  1- 3 |  4- 6 || total
-------------------------+-------+-------++-------
Melee: Dagger            |   160 |       ||   160
       Punch             |     5 |       ||     5
  Use: Potion            |       |     4 ||     4
 Stab: Sleeping          |     7 |       ||     7
Armor: Robe              |    16 |       ||    16
Dodge: Dodged            |   105 |     3 ||   108
